 Dungeon Crawl Stone Soup version 0.31-a0-232-gb1c03b2570 (webtiles) character file.

Game seed: 14542152655739757821

70 qw the Shooter (level 4, 0/26 HPs)
             Began as a Gargoyle Hexslinger on July 7, 2023.
             Slain by an orc
             ... wielding a +0 trident
              (6 damage)
             ... on level 2 of the Dungeon.
             The game lasted 00:00:42 (1437 turns).

qw the Shooter (Gargoyle Hexslinger)                Turns: 1437, Time: 00:00:42

Health: 0/26       AC:  8    Str: 10 (13) XL:     4   Next: 21%
Magic:  5/5        EV: 11    Int: 14      God:
Gold:   96         SH:  0    Dex: 11 (14) Spells: 4/5 levels left

rFire   . . .        i - +1 sling (heavy)
rCold   . . .        (no shield)
rNeg    + . .        e - +0 leather armour
rPois   inf          a - +1 helmet of Pathos {Str+2}
rElec   +            (no cloak)
rCorr   .            (no gloves)
SInv    .            (no boots)
Will    .....        (no amulet)
Stlth   +            (no ring)
HPRegen 0.24/turn    (no ring)
MPRegen 0.09/turn

%: no passive effects
@: no status effects
A: sickness immunity, AC +3, negative energy resistance 1, electricity
resistance, torment resistance 1, petrification resistance
a: no special abilities


You were on level 2 of the Dungeon.
You visited 1 branch of the dungeon, and saw 3 of its levels.

You collected 96 gold pieces.


Innate Abilities, Weirdness & Mutations

You are immune to sickness and miasma.
Your stone body is resilient. (AC +3)
You are immune to poison.
You resist negative energy. (rN+)
You are resistant to electric shocks. (rElec)
You are resistant to unholy torment.
You are immune to petrification.


   Skills:
 - Level 2.0 Fighting
 + Level 4.0 Ranged Weapons
 - Level 1.5 Dodging
 - Level 1.0 Spellcasting
 - Level 2.6 Hexes


You had 4 spell levels left.
You knew the following spells:

 Your Spells              Type           Power      Damage    Failure   Level
a - Slow                  Hex            32%        N/A       12%         1

Your spell library contained the following spells:

 Spells                   Type           Power      Damage    Failure   Level
 Inner Flame              Hex/Fire       4%         N/A       52%         3
 Portal Projectile        Hex/Tloc       8%         N/A       52%         3
 Cause Fear               Hex            4%         N/A       75%         4

Inventory:

Hand Weapons
 i - a +1 heavy sling (weapon)
Armour
 a - the +1 helmet of Pathos (worn) {Str+2}
   (You acquired it on level 2 of the Dungeon)

   Str:       It affects your strength (+2).
 e - a +0 leather armour (worn)
Scrolls
 f - a scroll of teleportation
Potions
 b - a potion of enlightenment {unknown}
 c - a potion of lignification {unknown}

Dungeon Overview and Level Annotations

Branches:
Dungeon (3/15)

Altars:

Annotations:
D:3 Robin


Message History

The orc barely misses you.
A goblin comes into view. It is wielding a +0 club.
You shoot a sling bullet. The sling bullet barely misses the orc.
Robin throws the goblin at you! The orc hits you with a +0 flail.
The goblin completely misses you.
A goblin comes into view. It is wielding a +0 dagger.
The orc misses you. The orc hits you but does no damage.
A goblin comes into view. It is wielding a +0 club.
A bat comes into view.
Robin roars a battlecry!
The goblins go into a battle-frenzy!
The orc barely misses you. x2; The goblin hits you but does no damage.
The orc misses you.
The goblin moves out of view.
1432 ||| STAIRDANCE The orc closely misses you.
The goblin hits you but does no damage. The orc barely misses you.
The orc hits you with a +0 dagger.
You climb upwards.
There is a stone staircase leading down here.
You shoot a sling bullet. The sling bullet barely misses the orc.
The sling bullet closely misses the goblin.
The orc closely misses you. The goblin hits you with a +0 dagger.
The orc hits you from afar with a +0 trident.
The orc barely misses you. The goblin closely misses you.
The orc hits you but does no damage.
You shoot a sling bullet. The sling bullet hits the orc.
The orc is severely wounded.
The orc closely misses you. The goblin hits you but does no damage.
The orc barely misses you. The orc closely misses you.
The goblin hits you but does no damage. The orc closely misses you.
You shoot a sling bullet.
The sling bullet closely misses the orc.
The sling bullet barely misses the goblin.
The orc hits you with a +0 flail! The goblin hits you but does no damage.
The orc closely misses you. The orc hits you with a +0 flail.
The goblin closely misses you. The orc hits you but does no damage.
You shoot a sling bullet. The sling bullet hits the orc!
You kill the orc!
The goblin hits you with a +0 dagger.
The orc hits you from afar with a +0 trident.
You die...

# #...# #.# # ###...###
#.#
###.......###########.#
##....................#
##...............######
##.##....#.#####.#
##.......#.# #o#
##.##......# #g#
##.#######.# #@# ##.#
#.#####)# ##.#
#.....og#
##.##########.#.##
##..........(.#.#
##.############.# ##.#
#.# .#.# #.# #..# #.#


You could see 2 orcs and 2 goblins.

Vanquished Creatures
  2 adders (D:2)
  2 worms (D:2)
  A dart slug (D:1)
  An orc (D:2)
  3 endoplasms
  3 giant cockroaches
  A goblin (D:1)
  6 hobgoblins
  2 jackals (D:2)
  2 quokkas (D:1)
  8 bats
  5 frilled lizards
  4 kobolds (D:1)
  5 rats (D:1)
45 creatures vanquished.

Notes
Turn   | Place    | Note
-------+----------+-------------------------------------------
     0 | D:1      | qw the Gargoyle Hexslinger began the quest for the Orb.
     0 | D:1      | Reached XP level 1. HP: 12/12 MP: 2/2
     0 | D:1      | 0 ||| qw: Version: 0.3-a-46-gb1f654a
     0 | D:1      | 0 ||| qw: Game counter: 2242
     0 | D:1      | 0 ||| qw: Melee chars always use a shield: true
     0 | D:1      | 0 ||| qw: God list: Okawaru
     0 | D:1      | 0 ||| qw: Allow faded altars: false
     0 | D:1      | 0 ||| qw: Do Orc after clearing Dungeon:15 true
     0 | D:1      | 0 ||| qw: Do second Lair branch before Depths: true
     0 | D:1      | 0 ||| qw: Lair rune preference: random
     0 | D:1      | 0 ||| qw: Goals: Normal
     0 | D:1      | 0 ||| PLANNING D:1-11
   113 | D:1      | Reached XP level 2. HP: 15/16 MP: 3/3
   274 | D:1      | Found a faded altar of an unknown god.
   279 | D:1      | Reached skill level 3 in Ranged Weapons
   348 | D:1      | 348 ||| Stepping ~*~*~tactically~*~*~ (outnumbered).
   505 | D:1      | Reached XP level 3. HP: 21/21 MP: 4/4
   722 | D:1      | 722 ||| UPGRADING to +1 helmet.
   727 | D:1      | 727 ||| UPGRADING to +0 leather armour.
   737 | D:1      | 737 ||| DROPPING +0 robe.
   738 | D:1      | 738 ||| READING scroll labelled YSUADI IBRATA.
   739 | D:1      | 739 ||| READING scroll labelled SANAICSEACK.
   740 | D:1      | 740 ||| READING scroll labelled FITEYL POTTANG.
   741 | D:1      | 741 ||| DRINKING 2 fizzy orange potions.
   742 | D:1      | 742 ||| DROPPING scroll of poison.
   743 | D:1      | 743 ||| DROPPING potion of degeneration.
   968 | D:2      | Reached XP level 4. HP: 26/26 MP: 5/5
  1336 | D:2      | Reached skill level 4 in Ranged Weapons
  1388 | D:2      | 1388 ||| READING 2 scrolls labelled OCOSHEREVI.
  1391 | D:2      | 1391 ||| READING scroll labelled EDGHAK TUME.
  1392 | D:2      | 1392 ||| READING scroll labelled HOANICOKHEFU.
  1392 | D:2      | Identified a scroll of acquirement
  1392 | D:2      | 1392 ||| ACQUIRING +1 helmet of Pathos {Str+2}
  1392 | D:2      | Acquired the +1 helmet of Pathos {Str+2}
  1394 | D:2      | 1394 ||| UPGRADING to +1 helmet of Pathos {Str+2}.
  1404 | D:2      | 1404 ||| DROPPING +1 helmet.
  1429 | D:3      | Noticed Robin
  1432 | D:3      | 1432 ||| STAIRDANCE
  1437 | D:2      | HP: 6/26 [goblin/+0 dagger[Robin] (2)]
  1437 | D:2      | Slain by an orc

Levels and vault maps discovered:
D:1:      spicycebolla_green_bress_n_ham, layout_loops_ring,
          ebering_ecumenical_altar_rust, minmay_heptomino_w4
D:2:      layout_loops_ring, kennysheep_generic_room_2
D:3:      layout_basic, nzn_hepliaklqana_mist_gate, uniq_robin

Skill      XL: |  1  2  3  4 |
---------------+-------------+-----
Ranged Weapons | 3 4 |  4.0
Fighting       | 2 |  2.0
Dodging        | |  1.5
Spellcasting   | |  1.0
Hexes          | |  2.6

Action                     |  1- 3 |  4- 6 || total
---------------------------+-------+-------++-------
   Fire: Sling             |   146 |    25 ||   171
    Use: Scroll            |     3 |     3 ||     6
         Potion            |     1 |       ||     1
 Armour: Robe              |    21 |       ||    21
         Leather armour    |    23 |    15 ||    38
  Dodge: Dodged            |   109 |    22 ||   131

Table legend:
 A = Non-vault XP
 B = Vault XP
 C = Vault XP percentage of total XP
 D = Non-vault monster count
 E = Vault monster count
 F = Vault count percentage of total count
                 A         B        C        D         E       F
            +---------+---------+-------+---------+---------+-------
      Total |      92 |      11 |  10.7 |      39 |       6 |  13.3
            +---------+---------+-------+---------+---------+-------
        D:1 |      39 |       6 |  13.3 |      25 |       5 |  16.7
        D:2 |      53 |       5 |   8.6 |      14 |       1 |   6.7
            +---------+---------+-------+---------+---------+-------
